 Dungeon Crawl Stone Soup version 0.28-a0-312-gbced6e68ee (webtiles) character file.

Game seed: 2680121900836291336

228 bande the Shield-Bearer (level 6, 38/38 HPs)
             Began as a Gargoyle Fighter on Aug 31, 2021.
             Quit the game on level 3 of the Dungeon.
             The game lasted 00:06:36 (3665 turns).

bande the Shield-Bearer (Gargoyle Fighter)          Turns: 3665, Time: 00:06:37

Health: 38/38      AC: 13    Str: 20    XL:     6   Next: 2%
Magic:  6/6        EV:  5    Int:  9    God:
Gold:   180        SH:  8    Dex: 10    Spells: 5/5 levels left

rFire   . . .      SeeInvis .   a - +0 war axe
rCold   . . .      Faith    .   c - +0 kite shield
rNeg    + . .      Spirit   .   h - +0 chain mail
rPois   ∞          Reflect  .   (no helmet)
rElec   +          Harm     .   (no cloak)
rCorr   .          Rampage  .   (no gloves)
Will    .....                   (no boots)
Stlth   ..........              (no amulet)
HPRegen 0.12/turn               (no ring)
MPRegen 0.10/turn               (no ring)

@: no status effects
A: sickness immunity, AC +4, negative energy resistance 1, electricity
resistance, torment resistance 1, petrification resistance, sense surroundings
1, inability to read while threatened, devolution 1
a: no special abilities


You were on level 3 of the Dungeon.
You visited 1 branch of the dungeon, and saw 4 of its levels.

You collected 180 gold pieces.

Inventory:

Hand Weapons
 a - a +0 war axe (weapon)
 j - a +0 flail
Armour
 c - a +0 kite shield (worn)
 h - a +0 chain mail (worn)
Wands
 n - a wand of paralysis (13)
Scrolls
 b - a scroll of teleportation {unknown}
 d - a scroll of noise {unknown}
 e - 2 scrolls of amnesia {unknown}
 f - a scroll of enchant armour {unknown}
 g - a scroll of vulnerability {unknown}
 k - a scroll of fog {unknown}
 o - a scroll of magic mapping {unknown}
Potions
 i - 2 potions of curing


   Skills:
 + Level 4.0 Fighting
 + Level 3.8 Axes
 + Level 4.3 Armour
 - Level 0.3 Dodging
 + Level 4.3 Shields


You had 5 spell levels left.
You didn't know any spells.
Your spell library contained the following spells:

 Spells                   Type           Power      Damage    Failure   Level
 Sting                    Tmut/Pois      0%         1d3       100%        1
 Poisonous Vapours        Pois/Air       0%         N/A       100%        2
 Gell's Gravitas          Tloc           0%         N/A       100%        3
 Lesser Beckoning         Tloc           0%         N/A       100%        3
 Teleport Other           Tloc           0%         N/A       100%        3
 Olgreb's Toxic Radiance  Pois           0%         N/A       100%        4


Dungeon Overview and Level Annotations

Branches:
Dungeon (4/15)
 Temple: D:4-7

Altars:
Dithmenos
The Shining One


Innate Abilities, Weirdness & Mutations

You are immune to sickness and miasma.
Your stone body is resilient. (AC +4)
You are immune to poison.
You resist negative energy. (rN+)
You are resistant to electric shocks. (rElec)
You are resistant to unholy torment.
You are immune to petrification.
You passively map a small area around you.
You sometimes lose the ability to read scrolls when taking damage.
You have hidden genetic defects.


Message History

You block Ijyb's attack.
You closely miss Ijyb.
Ijyb is severely wounded.
Ijyb hits you with a +0 dagger. Ijyb hits you but does no damage.
You closely miss Ijyb.
Ijyb is severely wounded.
Ijyb barely misses you.
You closely miss Ijyb.
Ijyb is severely wounded.
Ijyb hits you but does no damage. You block Ijyb's attack.
You barely miss Ijyb.
Ijyb is severely wounded.
Ijyb barely misses you.
You closely miss Ijyb.
Ijyb is severely wounded.
Ijyb hits you but does no damage. Ijyb hits you with a +0 dagger.
You slash Ijyb!
You kill Ijyb!
You have reached level 6!
Your experience leads to an increase in your attributes!
Increase (S)trength, (I)ntelligence, or (D)exterity?
You feel stronger.
You start resting.
HP restored.
Things that are here:
a +0 dagger; a +0 ring mail
There is a stone staircase leading up here.
You open the door.
There is an open door here.
There is an open door here.
Found 20 stones.
o - a scroll labelled CAFROMEEPSU
As you read the scroll of identify, it crumbles to dust.
m - a potion of mutation Really quaff the potion of mutation?
You feel extremely strange.
You feel a strange attunement to the structure of the dungeons.
You lose the ability to read scrolls when threatened.
You feel a hidden malignance growing inside you.
Are you sure you want to abandon this character and quit the game? (Confirm with "yes".)

###### ######
#....#
##....####....#####
#..................
#>@................
#.....#####....####
#.....# #....#
#.....# #....#
##....#* #....# #
#..... #....# #
#.....# #....# #
#...(.# #....# ##
#....# #.


There were no monsters in sight!

Vanquished Creatures
  An ice beast (D:2)
  Ijyb (D:3)
  An orc wizard (D:4)
  A hound skeleton (D:4)
  An adder (D:2)
  An adder skeleton (D:4)
  2 worms (D:2)
  A dart slug (D:1)
  4 orcs (D:4)
  3 bats (D:1)
  6 endoplasms
  8 giant cockroaches
  5 goblins
  A hobgoblin (D:4)
  4 jackals (D:3)
  2 quokkas (D:1)
  4 ball pythons
  3 frilled lizards
  2 kobolds (D:3)
  5 rats
56 creatures vanquished.

Notes
Turn   | Place    | Note
-------+----------+-------------------------------------------
     0 | D:1      | bande the Gargoyle Fighter began the quest for the Orb.
     0 | D:1      | Reached XP level 1. HP: 14/14 MP: 1/1
    69 | D:1      | Found a faded altar of an unknown god.
   218 | D:1      | Reached XP level 2. HP: 19/19 MP: 2/2
  1088 | D:1      | Reached XP level 3. HP: 20/23 MP: 3/3
  1303 | D:2      | You fall into a shaft and drop 2 floors!
  1364 | D:4      | Reached XP level 4. HP: 9/29 MP: 4/4
  1375 | D:4      | Noticed a scorpion
  1385 | D:3      | Noticed an ice beast
  2541 | D:3      | Found a shadowy altar of Dithmenos.
  2679 | D:2      | Killed an ice beast
  2680 | D:2      | Reached XP level 5. HP: 12/33 MP: 5/5
  3075 | D:3      | Found a glowing golden altar of the Shining One.
  3241 | D:3      | Noticed Ijyb
  3511 | D:3      | Killed Ijyb
  3512 | D:3      | Reached XP level 6. HP: 29/38 MP: 6/6
  3664 | D:3      | Gained mutation: You passively map a small area around you.
                  | [potion of mutation]
  3664 | D:3      | Gained mutation: You sometimes lose the ability to read
                  | scrolls when taking damage. [potion of mutation]
  3664 | D:3      | Gained mutation: You have hidden genetic defects. [potion
                  | of mutation]
  3665 | D:3      | Quit the game

Illustrated notes

Levels and vault maps discovered:
D:1:      kennysheep_arrival_forest, layout_loops_ring,
          hellmonk_ecumenical_altar_crossroads, amethyst_killhole,
          minmay_pentomino_q2
D:2:      layout_basic
D:3:      layout_basic, nicolae_dithmenos_shadow_blocks, amcnicky_altar_gilded,
          uniq_ijyb
D:4:      kennysheep_big_flooded_room, layout_basic, kennysheep_orc_sif_temple,
          gammafunk_ghost_arena

Skill      XL: |  1  2  3  4 |
---------------+-------------+-----
Axes           | 2 3 |  3.8
Shields        | 4 |  4.3
Armour         | 4 |  4.3
Fighting       | 4 |  4.0
Dodging        | |  0.3

Action                   |  1- 3 |  4- 6 || total
-------------------------+-------+-------++-------
Melee: War axe           |    78 |    96 ||   174
  Use: Scroll            |     1 |     1 ||     2
       Potion            |     2 |     1 ||     3
Armor: Scale mail        |    39 |       ||    39
       Chain mail        |    17 |    70 ||    87
Dodge: Dodged            |    33 |    30 ||    63
Block: Kite shield       |    50 |    41 ||    91

Table legend: (Time is in decaauts)
 A = Elapsed time spent in this place.
 B = Non-inter-level travel time spent in this place.
 C = Inter-level travel time spent in this place.
 D = Time resting spent in this place.
 E = Time spent auto-exploring this place.
 F = Levels seen in this place.
 G = Mean time per level.
                   A        B        C        D        E       F      G
               +--------+--------+--------+--------+--------+-----+--------+
         Total |   3771 |   3771 |      0 |   1068 |   1975 |   4 |  942.8 |
       Dungeon |   3771 |   3771 |      0 |   1068 |   1975 |   4 |  942.8 |
               +--------+--------+--------+--------+--------+-----+--------+

Top non-repeatable levels by time:
     D:2: 1532 daAuts
     D:1: 1383 daAuts
     D:3: 761 daAuts
     D:4: 94 daAuts
